 Dungeon Crawl Stone Soup version 0.29.1-1-gd02db6906a (webtiles) character file.

Game seed: 10225418036673449493

58 raistware the Conjurer (level 4, -1/32 HPs)
             Began as a Human Conjurer on Oct 6, 2022.
             Killed from afar by Natasha (4 damage)
             ... with a magic dart
             ... on level 2 of the Dungeon.
             The game lasted 00:04:49 (1911 turns).

raistware the Conjurer (Human Conjurer)             Turns: 1911, Time: 00:04:49

Health: -1/32      AC:  3    Str:  8    XL:     4   Next: 20%
Magic:  4/8        EV: 12    Int: 20    God:
Gold:   108        SH:  0    Dex: 11    Spells: 4/9 levels left

rFire   . . .      SeeInvis .   e - +7 quarterstaff
rCold   . . .      Faith    .   (shield currently unavailable)
rNeg    . . .      Spirit   .   a - +0 robe
rPois   .          Reflect  .   (no helmet)
rElec   .          Harm     .   g - +0 cloak
rCorr   .          Rampage  .   (no gloves)
Will    .....                   (no boots)
Stlth   ++........              (no amulet)
HPRegen 0.10/turn               j - ring of flight
MPRegen 0.11/turn               (no ring)

@: flying
A: no striking features
a: no special abilities


You were on level 2 of the Dungeon.
You visited 1 branch of the dungeon, and saw 2 of its levels.

You collected 108 gold pieces.

Inventory:

Hand Weapons
 e - a +7 quarterstaff (weapon)
Armour
 a - a +0 robe (worn)
 g - a +0 cloak (worn)
Jewellery
 j - a ring of flight (left hand)
Scrolls
 d - 2 scrolls of teleportation
 h - a scroll of enchant armour {unknown}
 i - 2 scrolls of identify
 k - a scroll of poison {unknown}
 m - a scroll of immolation {unknown}
 n - 2 scrolls of noise {unknown}
 o - a scroll of blinking {unknown}
Potions
 b - a potion of magic
 c - 2 potions of attraction
 f - a potion of resistance {unknown}
 l - a potion of brilliance {unknown}


   Skills:
 - Level 1.0 Fighting
 + Level 1.5 Staves
 - Level 2.0 Dodging
 - Level 2.0 Stealth
 * Level 3.2 Spellcasting
 - Level 4.0 Conjurations


You had 4 spell levels left.
You knew the following spells:

 Your Spells              Type           Power      Damage    Failure   Level
a - Magic Dart            Conj           76%        1d6       2%          1
b - Iskenderun's Mystic   Conj/Tloc      11%        2d4       52%         4

Your spell library contained the following spells:

 Spells                   Type           Power      Damage    Failure   Level
 Searing Ray              Conj           38%        2d5       4%          2
 Slow                     Hex            12%        N/A       14%         1
 Dazzling Flash           Conj/Hex       22%        N/A       19%         3
 Confusing Touch          Hex            3%         N/A       38%         3
 Vampiric Draining        Necr           3%         2d6       38%         3
 Fulminant Prism          Conj/Hex       5%         3d7       52%         4
 Irradiate                Conj/Tmut      5%         3d13      86%         5
 Blade Hands              Tmut           1%         N/A       98%         5
 Lee's Rapid Deconstruct  Erth           1%         3d5*      98%         5
 Dragon Form              Tmut           1%         N/A       100%        7


Dungeon Overview and Level Annotations

Branches:
Dungeon (2/15)

Altars:

Annotations:
D:2 Natasha


Message History

Natasha claws you but does no damage. Natasha claws you.
Casting: Magic Dart (safe; 2% risk of failure)
Confirm with . or Enter, or press ? or * to list all spells.
Aiming: Magic Dart (safe; 2% risk of failure)
Press: ? - help, Shift-Dir - straight line, f - Natasha
Aim: Natasha (moderately wounded, fast, 100% to hit)
The magic dart hits Natasha.
Natasha is moderately wounded.
Natasha claws you.
Unknown command.
Casting: Magic Dart (safe; 2% risk of failure)
Confirm with . or Enter, or press ? or * to list all spells.
Aiming: Magic Dart (safe; 2% risk of failure)
Press: ? - help, Shift-Dir - straight line, f/p - Natasha
Aim: Natasha (moderately wounded, fast, 100% to hit)
The magic dart hits Natasha but does no damage.
Natasha is moderately wounded.
Natasha mumbles some strange words.
Natasha glows brightly for a moment.
Natasha claws you. Natasha claws you!
* * * LOW HITPOINT WARNING * * *
Casting: Magic Dart (safe; 2% risk of failure)
Confirm with . or Enter, or press ? or * to list all spells.
Aiming: Magic Dart (safe; 2% risk of failure)
Press: ? - help, Shift-Dir - straight line, f/p - Natasha
Aim: Natasha (moderately wounded, fast, 100% to hit)
The magic dart hits Natasha but does no damage.
Natasha is moderately wounded.
Natasha barely misses you.
Unknown command.
Casting: Magic Dart (safe; 2% risk of failure)
Confirm with . or Enter, or press ? or * to list all spells.
Aiming: Magic Dart (safe; 2% risk of failure)
Press: ? - help, Shift-Dir - straight line, f/p - Natasha
Aim: Natasha (moderately wounded, fast, 100% to hit)
The magic dart hits Natasha.
Natasha is severely wounded.
Natasha stares at you and mumbles some strange words.
The magic dart hits you.
You die...

##### #.†...... #..
....#
##########........
#.. ....#
#.................
#.. ....#
#.................
#.. ....#
#.......).........
### ....#
#.........#...####
..###
#.........#...#######
..#
#.........#...#......
..#
#........@##..#..h...
..#
#........h###.......b
..#
#...................)
..#
#..)............#.
..# #######.........#
..# #.........# ###
#.........# #
#.........# #
#.........#


You could see Natasha (fast).

Vanquished Creatures
  2 adders (D:2)
  A worm (D:2)
  5 ball pythons
  6 bats
  2 endoplasms
  3 goblins
  5 hobgoblins
  2 quokkas
  A frilled lizard (D:1)
  5 kobolds
  5 rats
37 creatures vanquished.

Notes
Turn   | Place    | Note
-------+----------+-------------------------------------------
     0 | D:1      | raistware the Human Conjurer began the quest for the Orb.
     0 | D:1      | Reached XP level 1. HP: 13/13 MP: 3/3
    67 | D:1      | Found a faded altar of an unknown god.
   147 | D:1      | Reached XP level 2. HP: 19/19 MP: 1/5
   974 | D:1      | Reached skill level 1 in Staves
   974 | D:1      | Reached XP level 3. HP: 24/24 MP: 4/7
  1573 | D:2      | Reached skill level 1 in Fighting
  1573 | D:2      | Reached XP level 4. HP: 29/32 MP: 2/8
  1578 | D:2      | Learned a level 4 spell: Iskenderun's Mystic Blast
  1899 | D:2      | Noticed Natasha
  1911 | D:2      | Killed from afar by Natasha

Illustrated notes

Levels and vault maps discovered:
D:1:      amcnicky_arrival_feature_with_door, layout_loops_ring,
          ebering_ecumenical_altar_box
D:2:      minmay_diamond_boxcup, layout_basic, uniq_terence, uniq_natasha

Skill      XL: |  1  2  3 |
---------------+----------+-----
Staves         | 1 |  1.5
Spellcasting   | 3 |  3.2
Fighting       | 1 |  1.0
Dodging        | |  2.0
Stealth        | |  2.0
Conjurations   | |  4.0

Action                   |  1- 3 |  4- 6 || total
-------------------------+-------+-------++-------
Melee: Quarterstaff      |    24 |     5 ||    29
 Cast: Magic Dart        |    41 |    16 ||    57
  Use: Scroll            |       |     6 ||     6
 Stab: Sleeping          |     5 |     1 ||     6
       Distracted        |     1 |       ||     1
Armor: Robe              |     4 |     4 ||     8
Dodge: Dodged            |    17 |     3 ||    20
